 Dungeon Crawl Stone Soup version 0.19.5 (webtiles) character file.

123 JeffiDaFish the Shield-Bearer (level 5, 0/36 HPs)
             Began as a Gargoyle Fighter on Oct 31, 2017.
             Slain by an orc priest
             ... wielding a cursed +0 hand axe
              (1 damage)
             ... on level 3 of the Dungeon.
             The game lasted 00:03:55 (1531 turns).

JeffiDaFish the Shield-Bearer (Gargoyle Fighter)    Turns: 1531, Time: 00:03:55

Health: 0/36       AC: 12    Str: 18 (20) XL:     5   Next: 7%
Magic:  5/5        EV:  7    Int:  8      God:
Gold:   124        SH:  0    Dex: 10      Spells: 0 memorised, 4 levels left

rFire  . . .     SeeInvis .     a - +0 flail
rCold  . . .     Gourm    .     b - +0 scale mail
rNeg   + . .     Faith    .     c - +0 shield
rPois  ∞         Spirit   .     (no helmet)
rElec  +         Reflect  .     e - +0 cloak
rCorr  .         Harm     .     (no gloves)
MR     .....                    (no boots)
Stlth  ..........               (no amulet)
                                (no ring)
                                (no ring)

@: confused, very slightly contaminated, hasted, very quick
A: negative energy resistance 1, robust 1, electricity resistance, unbreathing,
petrification resistance, rot immunity, AC +4
a: no special abilities


You were on level 3 of the Dungeon.
You were hungry.

You visited 1 branch of the dungeon, and saw 3 of its levels.

You collected 124 gold pieces.

Inventory:

Hand Weapons
 a - a +0 flail (weapon)
Armour
 b - a +0 scale mail (worn)
 c - a +0 shield (worn)
 e - a +0 cloak (worn)
Scrolls
 i - a scroll of teleportation
Potions
 d - a potion of might
Comestibles
 f - a bread ration
 g - a beef jerky
 h - a chunk of flesh


   Skills:
 + Level 4.0 Fighting
 + Level 3.0 Maces & Flails
 + Level 4.1 Armour
 + Level 0.8 Dodging
 + Level 4.1 Shields


You had 4 spell levels left.
You didn't know any spells.

Dungeon Overview and Level Annotations

Branches:
Dungeon (3/15)

Altars:
Ashenzari
Dithmenos
Hepliaklqana
Makhleb


Innate Abilities, Weirdness & Mutations

You are resistant to torment.
Your stone body is resilient. (AC +4)
You are immune to poison.
You resist negative energy. (rN+)
You are resistant to electric shocks. (rElec)
You can survive without breathing.
You are immune to petrification.
You are immune to rotting.
You are robust. (+10% HP)


Message History

You're too confused!
You hit the orc priest.
The orc priest is heavily wounded.
The rat bites you but does no damage.
The orc wizard hits you but does no damage.
The orc hits you but does no damage. The goblin hits you but does no damage.
The orc barely misses you.
You closely miss the orc priest.
The orc priest is heavily wounded.
The orc priest looks encouraged for a moment.
The rat bites you but does no damage. The orc wizard casts a spell at you.
The puff of flame hits you!
* * * LOW HITPOINT WARNING * * *
The goblin hits you but does no damage.
You hit the orc priest.
The orc priest is severely wounded.
The orc barely misses you. The orc closely misses you.
The orc priest hits you with a hand axe.
You die...

#. #. .
####.####### ..
#..........##.$.
#.......<.......
#..........##...
#.....o....#
#.....o@...#
#.....org..#
#......o.......
#..........####
#............
########......
#..%.... .......


You could see an orc priest, an orc wizard, 2 orcs, a goblin and a rat.

Vanquished Creatures
  Natasha (thrice) (D:2)
  An adder (D:2)
  An ooze (D:1)
  An orc (D:3)
  3 giant cockroaches
  4 goblins
  6 hobgoblins
  4 jackals (D:2)
  3 kobolds
  3 bats
  2 frilled lizards (D:1)
  3 rats
34 creatures vanquished.

Notes
Turn   | Place    | Note
-------+----------+-------------------------------------------
     0 | D:1      | JeffiDaFish the Gargoyle Fighter began the quest for the Orb.
     0 | D:1      | Reached XP level 1. HP: 14/14 MP: 1/1
   184 | D:1      | Reached XP level 2. HP: 17/19 MP: 2/2
   515 | D:1      | Gained mutation: You are robust. (+10% HP) [potion of beneficial mutation]
   714 | D:2      | Reached XP level 3. HP: 25/25 MP: 3/3
   737 | D:2      | Found a shattered altar of Ashenzari.
   765 | D:2      | Noticed Natasha
   778 | D:2      | Killed Natasha
   798 | D:2      | Reached XP level 4. HP: 9/31 MP: 4/4
  1001 | D:2      | Found a shadowy altar of Dithmenos.
  1001 | D:2      | Noticed Natasha
  1006 | D:2      | Killed Natasha
  1108 | D:2      | Found a hazy altar of Hepliaklqana.
  1315 | D:2      | Found a burning altar of Makhleb.
  1397 | D:2      | Noticed Natasha
  1403 | D:2      | Killed Natasha
  1403 | D:2      | Reached XP level 5. HP: 36/36 MP: 5/5
  1530 | D:3      | HP: 1/36 [orc wizard/puff of flame (6)]
  1531 | D:3      | Slain by an orc priest

Skill      XL: |  1  2  3  4 |
---------------+-------------+-----
Shields        | 4 |  4.1
Fighting       | 4 |  4.0
Maces & Flails | 3 |  3.0
Armour         | 4 |  4.1
Dodging        | |  0.8

Action                   |  1- 3 |  4- 6 || total
-------------------------+-------+-------++-------
Melee: Flail             |   105 |    45 ||   150
  Use: Scroll            |     3 |     4 ||     7
       Potion            |     4 |     3 ||     7
  Eat: Chunk             |       |     2 ||     2
Armor: Scale mail        |    78 |    36 ||   114
Dodge: Dodged            |    43 |    24 ||    67
Block: Shield            |    62 |    21 ||    83
